 Dungeon Crawl Stone Soup version 0.32-a0-132-g2d33c3cfaf (webtiles) character file.

Game seed: 15834289591015168736

191 Bapho the Changeling (level 5, -1/51 HPs)
             Began as a Draconian Shapeshifter on Feb 9, 2024.
             Slain by a gnoll
             ... wielding a +0 spear
              (4 damage)
             ... on level 3 of the Dungeon.
             The game lasted 00:07:54 (2122 turns).

Bapho the Changeling (Draconian Shapeshifter)       Turns: 2122, Time: 00:07:55

Health: -1/51      AC:  5    Str: 19    XL:     5   Next: 41%
Magic:  5/5        EV: 16    Int: 10    God:
Gold:   141        SH:  0    Dex: 10    Spells: 4/4 levels left

rFire   . .          .
                       - Unarmed
rCold   . . .        (shield currently unavailable)
rNeg    . . .        (body armour unavailable)
rPois   .            (helmet restricted)
rElec   .            (no cloak)
rCorr   .            (no gloves)
SInv    .            (no boots)
Will    .....        (no amulet) Stlth
                     (no ring)
HPRegen 0.28/turn    (no ring)
MPRegen 0.09/turn

%: no passive effects
@: berserking (expiring), flux-form, glowing, very quick
A: glow, contaminating, reduced hp, AC +5, unfitting armour, cold-blooded
a: Begin Untransformation


You were on level 3 of the Dungeon.
You were something dangerously unstable.
You visited 1 branch of the dungeon, and saw 3 of its levels.

You collected 141 gold pieces.

Inventory:

Hand Weapons
 k - a +0 shortbow
Armour
 h - a +1 hat
Jewellery
 d - a ring of fire
 j - a ring of resist corrosion
Talismans
 b - a beast talisman
 c - a flux talisman (active)
Scrolls
 f - a scroll of fog {unknown}
 g - a scroll of poison {unknown}
 i - a scroll of identify {unknown}
 l - a scroll of enchant weapon {unknown}
Potions
 a - 2 potions of lignification


   Skills:
 - Level 1.4 Fighting
 - Level 1.7 Dodging
 - Level 3.1 Unarmed Combat
 + Level 5.6 Shapeshifting


You had 4 spell levels left.
You didn't know any spells.
Your spell library contained the following spells:

 Spells                   Type           Power      Damage    Failure   Level
 Sandblast                Erth           0%         2d4       36%         1
 Passwall                 Erth           0%         N/A       75%         3
 Stone Arrow              Conj/Erth      0%         3d7       75%         3
 Brom's Barrelling Bould  Conj/Erth      0%         2d3       98%         4


Dungeon Overview and Level Annotations

Branches:
Dungeon (3/15)

Altars:


Innate Abilities, Weirdness & Mutations

You are something dangerously unstable.
You glow with magical radiation, making you easy to see and hit.
Foes you strike become dangerously contaminated with magical radiation.
Your maximum health is decreased, since you lack skill for your form.
You are incapable of wielding weapons or throwing items.
Your plain brown scales are hard. (AC +5)
You cannot fit into any form of body armour.
You are cold-blooded and may be slowed by cold attacks.


Message History

You hit the gnoll but do no damage.
The gnoll shudders as magic cascades through it!
You kill the gnoll!
You hit something but do no damage.
The orc wizard begins to glow.
The orc wizard gestures at you while chanting.
You resist with some effort.
You hit the orc wizard.
The orc wizard glows dangerously bright.
The orc wizard is moderately wounded.
The gnoll closely misses you.
The orc wizard gestures at you while chanting.
The puff of flame hits you!
* * * LOW HITPOINT WARNING * * *
You hit the orc wizard.
The orc wizard shudders as magic cascades through it!
You kill the orc wizard!
Reactivating autopickup.
The gnoll misses you. The gnoll attacks as it pursues you!
The gnoll hits you from afar with a +0 spear.
* * * LOW HITPOINT WARNING * * *
You see here a rat corpse.
It was a potion of magic.
Magic courses through your body.
The gnoll hits you from afar with a +0 spear.
* * * LOW HITPOINT WARNING * * *
The gnoll attacks as it pursues you! The gnoll barely misses you.
The gnoll attacks as it pursues you! The gnoll barely misses you.
The gnoll attacks as it pursues you! The gnoll closely misses you.
The gnoll attacks as it pursues you!
The gnoll hits you from afar with a +0 spear.
* * * LOW HITPOINT WARNING * * *
It was a potion of berserk rage.
A red film seems to cover your vision as you go berserk!
You feel yourself moving faster!
You feel mighty! The gnoll barely misses you.
You feel a strong urge to attack something.
The gnoll completely misses you.
You hit the gnoll.
The gnoll begins to glow.
The gnoll is lightly wounded.
The gnoll hits you with a +0 spear.
You die...

# #..# #.# ##.##
###..#####.####...##
.....##.)..†.......#
##...##>##.####...##
##....#.##.# ##.##
K......g##.# #.#
###........# #.# #
##.####### #g# #.#
#p# #.# ####.####
#+# #.......# ...
#.##.##.# ..# ....
#.#..##.# #... ..!$.
#....##.# #...
......
####...###.####..#
g.....
+...............# .
......
####...###.##..# ..


You could see a gnoll (contam).

Vanquished Creatures
  An orc wizard (D:3)
  Robin (D:2)
  6 gnolls
  3 adders (D:3)
  2 ribbon worms
  2 orcs (D:2)
  4 ball pythons
  6 bats
  4 endoplasms
  11 goblins
  10 hobgoblins
  2 kobolds
  2 quokkas
  5 frilled lizards
  9 rats
68 creatures vanquished.

Notes
Turn   | Place    | Note
-------+----------+-------------------------------------------
     0 | D:1      | Bapho the Draconian Shapeshifter began the quest for the
                  | Orb.
     0 | D:1      | Reached XP level 1. HP: 16/16 MP: 1/1
   134 | D:1      | Reached XP level 2. HP: 23/23 MP: 2/2
   591 | D:2      | Reached XP level 3. HP: 26/28 MP: 3/3
   614 | D:2      | Noticed Robin
   642 | D:2      | Killed Robin
   643 | D:2      | Reached skill level 4 in Shapeshifting
  1493 | D:2      | Reached XP level 4. HP: 26/35 MP: 4/4
  1836 | D:3      | Reached skill level 5 in Shapeshifting
  1983 | D:3      | Reached XP level 5. HP: 32/40 MP: 5/5
  2110 | D:3      | HP: 1/34 [gnoll/+0 spear (3)]
  2118 | D:3      | HP: 1/34 [gnoll/+0 spear (2)]
  2122 | D:3      | Slain by a gnoll

Illustrated notes

Levels and vault maps discovered:
D:1:      dpeg_arrival_castle, layout_rooms, serial_park_tiny_pond,
          chequers_hall_statues_wall_a
D:2:      layout_loops_corners, uniq_robin
D:3:      layout_loops_corners, nicolae_sif_muna_condensation,
          grunt_temple_overflow_open, gammafunk_ghost_icy

Skill      XL: |  1  2  3  4 |
---------------+-------------+-----
Shapeshifting  | 4 5 |  5.6
Fighting       | |  1.4
Dodging        | |  1.7
Unarmed Combat | |  3.1

Action                     |  1- 3 |  4- 6 || total
---------------------------+-------+-------++-------
  Melee: Unarmed           |   107 |    79 ||   186
         Tailslap          |    13 |    10 ||    23
  Throw: Stone             |    14 |       ||    14
    Use: Potion            |       |     2 ||     2
   Stab: Sleeping          |     1 |       ||     1
 Armour: Skin              |    46 |    37 ||    83
  Dodge: Dodged            |    50 |    77 ||   127
   Form: Beast             |     1 |       ||     1
         Flux              |     1 |       ||     1

Table legend: (Time is in decaauts)
 A = Elapsed time spent in this place.
 B = Non-inter-level travel time spent in this place.
 C = Inter-level travel time spent in this place.
 D = Time resting spent in this place.
 E = Time spent auto-exploring this place.
 F = Levels seen in this place.
 G = Mean time per level.
                   A        B        C        D        E       F      G
               +--------+--------+--------+--------+--------+-----+--------+
         Total |   2125 |   2087 |     38 |    185 |   1420 |   3 |  708.3 |
       Dungeon |   2125 |   2087 |     38 |    185 |   1420 |   3 |  708.3 |
               +--------+--------+--------+--------+--------+-----+--------+

Top non-repeatable levels by time:
     D:2: 1220 daAuts
     D:1: 572 daAuts
     D:3: 332 daAuts
